 Dungeon Crawl Stone Soup version 0.29.0-11-gd7f09526c8 (webtiles) character file.

Game seed: 118645513753799486

2202 Pooter the Cleaver (level 9, 0/77 (79) HPs)
             Began as a Minotaur Monk on Sept 4, 2022.
             Was a Believer of Makhleb.
             Succumbed to a hornet's poison
             ... while paralysed by a hornet
             ... on level 6 of the Dungeon.
             The game lasted 00:26:45 (7681 turns).

Pooter the Cleaver (Minotaur Monk)                  Turns: 7681, Time: 00:26:46

HP:   0/77 (79)     AC: 13    Str: 21    XL:     9   Next: 12%
MP:   8/8           EV:  2    Int:  7    God:    Makhleb [**....]
Gold: 341           SH:  0    Dex: 12    Spells: 8/8 levels left

rFire   . . .      SeeInvis .   a - +5 war axe (freeze)
rCold   . . .      Faith    .   (no shield)
rNeg    . . .      Spirit   .   g - +0 chain mail
rPois   .          Reflect  .   (helmet restricted)
rElec   .          Harm     .   z - +1 cloak
rCorr   .          Rampage  .   c - +2 pair of gloves
Will    .....                   (no boots)
Stlth   ..........              (no amulet)
HPRegen 0.22/turn               (no ring)
MPRegen 0.11/turn               (no ring)

@: paralysed, lethally poisoned (0 -> -7), slowed, lightly drained
A: horns 2, retaliatory headbutt
a: Renounce Religion, Minor Destruction


You were on level 6 of the Dungeon.
You worshipped Makhleb.
Makhleb was pleased with you.
You visited 1 branch of the dungeon, and saw 6 of its levels.

You collected 341 gold pieces.

Inventory:

Hand Weapons
 a - a +5 war axe of freezing (weapon)
   (You took it off a wight on level 6 of the Dungeon)
 b - a +0 shortbow
   (You took it off a centaur on level 6 of the Dungeon)
 j - a +2 war axe of flaming
   (You took it off an orc on level 4 of the Dungeon)
 y - a +1 sling
   (You found it on level 2 of the Dungeon)
 A - a +6 trident of protection
   (You took it off a gnoll sergeant on level 6 of the Dungeon)
Missiles
 q - 5 boomerangs of dispersal {!f}
 t - 4 poisoned darts
 Q - 71 stones (quivered)
Armour
 c - a +2 pair of gloves (worn)
   (You found it on level 3 of the Dungeon)
 g - a +0 chain mail (worn)
   (You found it on level 1 of the Dungeon)
 z - a +1 cloak (worn)
   (You found it on level 6 of the Dungeon)
Jewellery
 v - a ring of willpower
   (You took it off a gnoll sergeant on level 6 of the Dungeon)
 W - a ring of wizardry
   (You took it off a centaur on level 6 of the Dungeon)
Wands
 d - a wand of iceblast (3)
   (You took it off Ijyb on level 3 of the Dungeon)
Scrolls
 e - a scroll of teleportation {unknown}
 s - a scroll of magic mapping
 u - a scroll of noise {unknown}
 w - 2 scrolls of brand weapon
Potions
 f - 3 potions of curing {@q1}
 h - a potion of brilliance {unknown}
 i - 2 potions of attraction {unknown}
 k - a potion of heal wounds {unknown}
 l - a potion of ambrosia
 m - a potion of cancellation {unknown}
 n - 2 potions of mutation {!q}
 p - a potion of flight {unknown}
 r - 2 potions of lignification {unknown}
 x - a potion of haste {unknown}


   Skills:
 + Level 7.2 Fighting
 * Level 9.7 Axes
 * Level 7.3 Ranged Weapons
 - Level 3.2 Dodging
 - Level 1.5 Stealth
 + Level 0.0 Invocations
 + Level 3.4 Evocations


You had 8 spell levels left.
You didn't know any spells.
Your spell library contained the following spells:

 Spells                   Type           Power      Damage    Failure   Level
 Sublimation of Blood     Necr           0%         N/A       100%        2
 Airstrike                Air            0%         2d(0-16)  100%        4
 Petrify                  Tmut/Erth      0%         N/A       100%        4
 Summon Lightning Spire   Summ/Air       0%         N/A       100%        4
 Irradiate                Conj/Tmut      0%         3d11      100%        5
 Lightning Bolt           Conj/Air       0%         1d11      100%        5


Dungeon Overview and Level Annotations

Branches:
Dungeon (6/15)
 Temple: D:4-7

Altars:
Ashenzari
Makhleb
Ru
Sif Muna
Uskayaw

Annotations:
D:6 2 runed translucent doors


Innate Abilities, Weirdness & Mutations

You have a pair of horns on your head.
You reflexively headbutt those who attack you in melee.


Message History

The hornet stings you!
You feel yourself slow down.
You slash the hornet! You freeze the hornet.
You feel yourself speed up. The hornet stings you.
You feel yourself slow down. The hornet stings you.
You feel as though you will be slow longer.
Unknown command.
Okay, then.
You hit the hornet but do no damage. Your headbutt misses the hornet.
The hornet stings you.
You feel as though you will be slow longer.
The hornet stings you!
You are poisoned.
You suddenly lose the ability to move!
The hornet completely misses you.
You can move again.
You barely miss the hornet. You headbutt the hornet.
You feel very sick. The hornet closely misses you. The hornet stings you.
You are more poisoned.
You feel as though you will be slow longer.
You barely miss the hornet.
You feel extremely sick. The hornet stings you!
* * * LOW HITPOINT WARNING * * *
You feel as though you will be slow longer.
The hornet stings you.
* * * LOW HITPOINT WARNING * * *
You are lethally poisoned!
You feel as though you will be slow longer.
The hornet stings you.
* * * LOW HITPOINT WARNING * * *
You feel as though you will be slow longer.
You hit the hornet but do no damage.
* * * LOW HITPOINT WARNING * * *
You feel extremely sick. The hornet stings you.
* * * LOW HITPOINT WARNING * * *
You feel as though you will be slow longer.
The hornet stings you.
* * * LOW HITPOINT WARNING * * *
You are more poisoned.
You feel as though you will be slow longer.
You feel better. The hornet stings you!
* * * LOW HITPOINT WARNING * * *
You are lethally poisoned!
You suddenly lose the ability to move!
The hornet stings you but does no damage.
You die...

,,,******,,,,,,,,**~,~#...#*,,#.#
**** *.......,**~~~#...#,,,#.# *
*#......***~~~#...#,,*#.#
#......* *~~~#...#*,,#.# #......*
****#...#####.. ##.....*
##..##....< *#......* ##....####
**......y## ##..## #
**,.......@### ##..##
**,,..........#####..##
**,,,###..............# ###
**,,*** ###.....####...#####..
***,,** ##....# ##.........
**,,,** ##..## ##.......) *,,,**
*#..# ###......... ,,,,,** #...#
#........... ,,,,,,** #..##
##...........


You could see a hornet.

Vanquished Creatures
  Prince Ribbit (D:6)
  Menkaure (D:5)
  A water moccasin (D:6)
  2 ice beasts
  An orc warrior (D:6)
  3 centaurs (D:6)
  A phantom (D:5)
  A gnoll sergeant (D:6)
  3 scorpions
  2 necrophages
  3 wights (D:6)
  A crimson imp (D:6)
  2 jellies
  3 orc priests
  Jessica (D:3)
  Ijyb (D:3)
  3 orc wizards
  2 iguanas
  Natasha (twice) (D:3)
  3 gnolls (D:6)
  9 adders
  2 shadow imps
  An ufetubus (D:6)
  3 worms
  2 dart slugs
  17 orcs
  10 endoplasms
  5 giant cockroaches
  13 goblins
  7 hobgoblins
  10 jackals
  9 kobolds
  4 quokkas
  5 ball pythons
  7 bats
  4 frilled lizards
  5 rats (D:1)
150 creatures vanquished.

Notes
Turn   | Place    | Note
-------+----------+-------------------------------------------
     0 | D:1      | Pooter the Minotaur Monk began the quest for the Orb.
     0 | D:1      | Reached XP level 1. HP: 19/19 MP: 0/0
   190 | D:1      | Reached skill level 4 in Axes
   308 | D:1      | Reached XP level 2. HP: 20/27 MP: 1/1
  1090 | D:1      | Found a faded altar of an unknown god.
  1176 | D:1      | Reached XP level 3. HP: 33/33 MP: 2/2
  1494 | D:2      | Reached skill level 5 in Axes
  1888 | D:2      | Reached XP level 4. HP: 41/41 MP: 3/3
  2275 | D:3      | Reached skill level 1 in Ranged Weapons
  2547 | D:3      | Noticed Jessica
  2554 | D:3      | Killed Jessica
  2555 | D:3      | Reached XP level 5. HP: 40/47 MP: 4/4
  2758 | D:3      | Noticed Natasha
  2765 | D:3      | Killed Natasha
  2766 | D:3      | Reached skill level 6 in Axes
  2971 | D:3      | Reached skill level 5 in Fighting
  3116 | D:3      | Noticed Ijyb
  3126 | D:3      | Noticed an ice beast
  3132 | D:3      | Killed Ijyb
  3133 | D:3      | Reached XP level 6. HP: 54/56 MP: 5/5
  3139 | D:3      | Killed an ice beast
  3295 | D:3      | Found a shimmering blue altar of Sif Muna.
  3578 | D:3      | Noticed Natasha
  3594 | D:3      | Killed Natasha
  3761 | D:4      | Found a hide-covered altar of Uskayaw.
  3943 | D:4      | Reached skill level 7 in Axes
  4127 | D:4      | Reached XP level 7. HP: 52/61 MP: 6/6
  4149 | D:4      | Reached skill level 1 in Evocations
  4521 | D:4      | Found a sacrificial altar of Ru.
  4737 | D:5      | Entered Level 5 of the Dungeon
  5220 | D:5      | Reached skill level 5 in Ranged Weapons
  5307 | D:5      | Noticed Menkaure
  5316 | D:5      | Killed Menkaure
  5317 | D:5      | Reached skill level 8 in Axes
  5317 | D:5      | Reached XP level 8. HP: 23/70 MP: 7/7
  5830 | D:6      | Noticed Prince Ribbit
  5842 | D:6      | Killed Prince Ribbit
  6201 | D:6      | Reached skill level 9 in Axes
  6412 | D:6      | Found a runed translucent door.
  6414 | D:6      | Found a runed translucent door.
  6803 | D:6      | Reached XP level 9. HP: 52/79 MP: 8/8
  7147 | D:6      | Found a burning altar of Makhleb.
  7363 | D:6      | Found a broken altar of Ashenzari.
  7519 | D:6      | Became a worshipper of Makhleb the Destroyer
  7519 | D:6      | Reached * piety under Makhleb
  7519 | D:6      | Reached ** piety under Makhleb
  7676 | D:6      | Paralysed by a hornet for 1 turns
  7680 | D:6      | HP: 2/77 [hornet (8)]
  7680 | D:6      | Paralysed by a hornet for 3 turns
  7681 | D:6      | Succumbed to a hornet's poison

Illustrated notes

Levels and vault maps discovered:
D:1:      minmay_arrival_four_loops, layout_loops_ring,
          shapermc_ecumenical_altar_mp_highgroup
D:2:      layout_basic
D:3:      cheibrodos_pilgrimage, layout_basic, nicolae_sif_muna_little_library,
          uniq_jessica, uniq_natasha, uniq_ijyb
D:4:      minmay_recursive_quarters, layout_cave_pods, lemuel_doored_altar,
          nicolae_ru_the_path_less_chosen, kennysheep_generic_room_15
D:5:      cheibrodos_iron_armory, layout_loops_ring, uniq_menkaure
D:6:      lemuel_insect_pit, layout_layer_cave, grunt_ashenzari_visionary
          [grunt_ashenzari_visionary_shoals, grunt_ashenzari_visionary_snake],
          makhleb_grotto_becter, uniq_prince_ribbit1

Skill      XL: |  1  2  3  4  5  6  7  8 |
---------------+-------------------------+-----
Axes           | 4 5 6 7 8 9 |  9.7
Fighting       | 4 5 6 7 |  7.2
Ranged Weapons | 2 4 5 7 |  7.3
Evocations     | 2 3 |  3.4
Dodging        | |  3.2
Stealth        | |  1.5

Action                   |  1- 3 |  4- 6 |  7- 9 || total
-------------------------+-------+-------+-------++-------
Melee: Hand axe          |    88 |    35 |       ||   123
       Headbutt          |    13 |     9 |    23 ||    45
       War axe           |       |    45 |   128 ||   173
       Punch             |       |     1 |     1 ||     2
 Fire: Sling             |       |    84 |    13 ||    97
       Shortbow          |       |       |    14 ||    14
Evoke: Wand              |       |       |     1 ||     1
  Use: Scroll            |       |     3 |     5 ||     8
       Potion            |       |     2 |     4 ||     6
 Stab: Sleeping          |     2 |       |       ||     2
Armor: Robe              |     8 |       |       ||     8
       Chain mail        |    17 |    56 |    79 ||   152
Dodge: Dodged            |    36 |    40 |    60 ||   136
